 Dungeon Crawl Stone Soup version 0.31-a0-746-ge8284cb111 (webtiles) character file.

Game seed: 3911552879990060573

1676948 GordonOverkill the Merry Frog (level 26, 242/242 HPs)
             Began as a Barachi Delver on Sept 14, 2023.
             Was a High Priest of Okawaru.
             Escaped with the Orb
             ... and 3 runes!
             The game lasted 02:18:46 (65081 turns).

GordonOverkill the Merry Frog (Barachi Delver)     Turns: 65081, Time: 02:18:46

Health: 242/242    AC: 47    Str: 22    XL:     26   Next: 37%
Magic:  38/38      EV: 11    Int: 12    God:    Okawaru [*****.]
Gold:   2063       SH:  0    Dex: 23    Spells: 25/25 levels left

rFire   + + .        J - +27 heavy crossbow "Sniper" {heavy, Acc+∞ SInv}
rCold   + . .        (shield currently unavailable)
rNeg    . . .        K - +9 scales of the Dragon King {rPois rF+ rC+ Will+}
rPois   +            Z - +2 hat {Will+}
rElec   +            j - +1 cloak of Modesty {Regen+ Str+3 Stlth+}
rCorr   .            E - +2 pair of gloves
SInv    +            S - +3 pair of seven-league boots {Rampage+∞}
Will    +++..        L - amulet of faith Stlth
                     M - +6 ring of dexterity
HPRegen 1.40/turn    G - ring of Alae {rElec rPois rF+ SInv Stlth-}
MPRegen 0.26/turn

%: rampage+∞, faith
@: studying Polearms, slow
A: amphibious, slowness 1, strong legs 2, +LOS, talons 1, iridescent scales 1,
clumsy 1
0: Orb of Zot
}: 3/15 runes: barnacled, silver, gossamer
a: Hop, Renounce Religion, Heroism, Finesse, Duel


You escaped.
You worshipped Okawaru.
Okawaru was extremely pleased with you.
You visited 8 branches of the dungeon, and saw 44 of its levels.
You visited 1 bazaar.
You also visited: Bailey, Ice Cave, Volcano and Wizlab.

You collected 8431 gold pieces.
You spent 6368 gold pieces at shops.

Inventory:

Hand Weapons
 J - the +27 heavy crossbow "Sniper" (weapon) {heavy, Acc+∞ SInv}
   (You bought it in a shop on level 1 of the Dungeon)

   Acc+∞: It never misses its target.
   SInv:      It lets you see invisible.
 R - the +12 orcbow "Veliwn" {speed, Fly rC+ Dex+3 Stlth+}
   (Okawaru gifted it to you on level 2 of the Realm of Zot)

   Dex+3:     It affects your dexterity (+3).
   rC+:       It protects you from cold.
   Fly:       It grants you flight.
   Stlth+:    It makes you more stealthy.
 Y - a +4 hand cannon of flaming
Missiles
 k - 4 throwing nets
Armour
 h - the scarf of Foof {shadows, rPois rF+}
   (Okawaru gifted it to you on level 5 of the Vaults)

   rF+:       It protects you from fire.
   rPois:     It protects you from poison
 j - the +1 cloak of Modesty (worn) {Regen+ Str+3 Stlth+}
   (Okawaru gifted it to you on level 1 of the Depths)

   Str+3:     It affects your strength (+3).
   Regen+:    It increases your rate of health regeneration.
   Stlth+:    It makes you more stealthy.
 B - the +8 orange crystal plate armour {Archmagi, Int+3 Clar}
   (You acquired it on level 1 of the Orcish Mines)

   Int+3:     It affects your intelligence (+3).
   Clar:      It protects you from confusion, rage, mesmerisation and fear.
 E - a +2 pair of gloves (worn)
 K - the +9 scales of the Dragon King (worn) {rPois rF+ rC+ Will+}
   (You bought it in a shop on level 4 of the Vaults)

   rF+:       It protects you from fire.
   rC+:       It protects you from cold.
   rPois:     It protects you from poison Will+: It increases your willpower.
 S - the +3 pair of seven-league boots (worn) {Rampage+∞}
   (You found it on level 2 of the Lair of Beasts)

   Rampage+∞: When moving toward enemies, its wearer moves as far as possible,
   alerting their target en route.
 V - the +2 shield of Resistance {rF++ rC++ Will++}
   (You found it on level 5 of the Vaults)

   rF++:      It greatly protects you from fire.
   rC++:      It greatly protects you from cold.
   Will++:    It greatly increases your willpower.
 W - the +0 hat of Compassion {-Tele Regen+ Str-3 Int+5}
   (You found it on level 4 of the Spider Nest)

   Str-3:     It affects your strength (-3).
   Int+5:     It affects your intelligence (+5).
   -Tele:     It prevents most forms of teleportation.
   Regen+:    It increases your rate of health regeneration.
 Z - a +2 hat of willpower (worn)
Jewellery
 F - a ring of protection from cold
 G - the ring of Alae (right hand) {rElec rPois rF+ SInv Stlth-}
   (You found it on level 3 of the Lair of Beasts)

   [ring of protection from fire]

   rF+:       It protects you from fire.
   rElec:     It insulates you from electricity.
   rPois:     It protects you from poison SInv: It lets you see invisible.
   Stlth-:    It makes you less stealthy.
 L - an amulet of faith (around neck)
 M - a +6 ring of dexterity (left hand)
 X - a ring of willpower
Wands
 e - a wand of mindburst (38)
 g - a wand of digging (8)
 l - a wand of polymorph (10)
 x - a wand of flame (99)
 z - a wand of iceblast (65)
 U - a wand of acid (22)
Scrolls
 c - 7 scrolls of fog
 i - 13 scrolls of teleportation
 o - 5 scrolls of immolation
 q - 10 scrolls of vulnerability
 r - 20 scrolls of identify
 C - 11 scrolls of fear
 O - 10 scrolls of poison
 P - 4 scrolls of blinking
 Q - a scroll of silence
 T - a scroll of summoning
Potions
 a - 5 potions of berserk rage
 b - a potion of invisibility
 f - 6 potions of haste
 m - 22 potions of curing
 n - 12 potions of mutation
 p - 11 potions of might
 t - 4 potions of cancellation
 u - 8 potions of enlightenment
 v - a potion of ambrosia
 A - 6 potions of magic
 D - 3 potions of heal wounds
 H - 3 potions of resistance
 N - 6 potions of lignification
Miscellaneous
 s - a tin of tremorstones (2/2)
 w - a phantom mirror
 y - a lightning rod (4/4)
 I - a phial of floods


   Skills:
 O Level 27 Fighting
 - Level 4.1 Axes
 O Level 27 Ranged Weapons
 - Level 20.0 Armour
 - Level 10.0 Dodging
 - Level 4.5 Stealth
 + Level 22.4 Invocations
 - Level 4.0 Evocations


You had 25 spell levels left.
You didn't know any spells.
Your spell library contained the following spells:

 Spells                   Type           Power      Damage    Failure   Level
 Kiss of Death            Conj/Necr      0%         2d5       100%        1
 Magic Dart               Conj           0%         1d3       100%        1
 Necrotise                Necr           0%         1d4       100%        1
 Shock                    Conj/Air       0%         1d3       100%        1
 Slow                     Hex            0%         N/A       100%        1
 Sting                    Tmut/Pois      0%         1d3       100%        1
 Blink                    Tloc           0%         N/A       100%        2
 Passwall                 Tmut/Erth      0%         N/A       100%        2
 Poisonous Vapours        Pois/Air       0%         N/A       100%        2
 Scorch                   Fire           0%         2d5       100%        2
 Searing Ray              Conj           0%         2d4       100%        2
 Sublimation of Blood     Necr           0%         N/A       100%        2
 Wereblood                Tmut           0%         N/A       100%        2
 Confusing Touch          Hex            0%         N/A       100%        3
 Inner Flame              Hex/Fire       0%         N/A       100%        3
 Mephitic Cloud           Conj/Pois/Air  0%         N/A       100%        3
 Ozocubu's Armour         Ice            0%         N/A       100%        3
 Sigil of Binding         Hex            0%         N/A       100%        3
 Stone Arrow              Conj/Erth      0%         3d7       100%        3
 Swiftness                Air            0%         N/A       100%        3
 Vampiric Draining        Necr           0%         2d6       100%        3
 Airstrike                Air            0%         2d(0-16)  100%        4
 Anguish                  Hex/Necr       0%         N/A       100%        4
 Cause Fear               Hex            0%         N/A       100%        4
 Dimensional Bullseye     Hex/Tloc       0%         N/A       100%        4
 Dispel Undead            Necr           0%         3d6       100%        4
 Flame Wave               Conj/Fire      0%         2d4       100%        4
 Fulminant Prism          Conj/Hex       0%         3d5       100%        4
 Leda's Liquefaction      Hex/Erth       0%         N/A       100%        4
 Manifold Assault         Tloc           0%         N/A       100%        4
 Olgreb's Toxic Radiance  Pois           0%         N/A       100%        4
 Passage of Golubria      Tloc           0%         N/A       100%        4
 Petrify                  Tmut/Erth      0%         N/A       100%        4
 Agony                    Necr           0%         N/A       100%        5
 Alistair's Intoxication  Tmut/Pois      0%         N/A       100%        5
 Borgnjor's Vile Clutch   Necr/Erth      0%         N/A       100%        5
 Irradiate                Conj/Tmut      0%         3d11      100%        5
 Metabolic Englaciation   Hex/Ice        0%         N/A       100%        5
 Yara's Violent Unravell  Hex/Tmut       0%         3d3       100%        5
 Eringya's Noxious Bog    Tmut/Pois      0%         4d6       100%        6
 Enfeeble                 Hex            0%         N/A       100%        7
 Ozocubu's Refrigeration  Ice            0%         4d7       100%        7
 Lehudib's Crystal Spear  Conj/Erth      0%         10d2      100%        8
 Polar Vortex             Ice            0%         N/A       100%        9
 Call Imp                 Summ           Unusable   N/A       N/A         2
 Call Canine Familiar     Summ           Unusable   N/A       N/A         3
 Animate Armour           Summ/Erth      Unusable   N/A       N/A         4
 Summon Ice Beast         Ice/Summ       Unusable   N/A       N/A         4
 Simulacrum               Ice/Necr       Unusable   N/A       N/A         6
 Summon Cactus Giant      Summ           Unusable   N/A       N/A         6
 Malign Gateway           Summ/Tloc      Unusable   N/A       N/A         7
 Summon Horrible Things   Summ           Unusable   N/A       N/A         8

Dungeon Overview and Level Annotations

Branches:
Dungeon (15/15)            Temple (0/1) D:4            Lair (5/5) D:9
 Shoals (4/4) Lair:3       Spider (4/4) Lair:2        Slime (0/5) Lair:4
    Orc (2/2) D:10            Elf (0/3) Orc:2        Vaults (5/5) D:14
  Crypt (0/3) Vaults:3     Depths (4/4) D:15            Zot (5/5) Depths:4
 Bailey (visited)           IceCv (visited)         Volcano (visited)
 WizLab (visited)

Altars:
Gozag
Hepliaklqana
Nemelex Xobeh
Okawaru
Uskayaw
Wu Jian
Xom
Zin
The Shining One
Jiyva

Shops:
D:1 !*(   D:14 *   Orc:1 ?   Orc:2 *([(   Shoals:1 ?   Vaults:1 ?
Vaults:4 *[[   Zot:4 *   Depths:1 ::=   Depths:3 ([   Depths:4 *

Portals:
Hell: Depths:1 Depths:2 Depths:3 Depths:4
Abyss: Depths:3
Pandemonium: Depths:2 Depths:4
Ziggurat: Depths:4
Trove: D:10 (give horn of Geryon)


Innate Abilities, Weirdness & Mutations

You are amphibious.
You cover ground slowly.
You can hop long distances.
You have an extended range of vision and can be seen from far away.
You have sharp toenails.
You are partially covered in iridescent scales. (AC +2)
You are clumsy. (Dex -2)


Message History

HP restored.
You see here a +0 orcbow.
There is a stone staircase leading up here.
You climb upwards.
There is a stone staircase leading down here.
You see here a +0 dagger.
There is an escape hatch in the ceiling here.
A mysterious force pulls you upwards. The hatch slams shut behind you.
There is a stone staircase leading up here.
You climb upwards.
There is a stone staircase leading down here.
You see here a +0 leather armour.
A glowing orange brain comes into view.
Fire: J) +27 heavy crossbow "Sniper" {heavy, Acc+∞ SInv}
Press: ? - help, Q - select action, (/) - cycle Shift-Dir - straight line, f - glowing orange brain
Aim: a glowing orange brain (100% to hit)
You shoot a bolt.
The bolt hits the glowing orange brain!!!!
You kill the glowing orange brain!
Okawaru accepts your kill.
You see here 8 stones.
You see here a +0 dagger.
A reaper comes into view. It is wielding a +0 scythe of freezing.
Fire: J) +27 heavy crossbow "Sniper" {heavy, Acc+∞ SInv}
Press: ? - help, Q - select action, (/) - cycle Shift-Dir - straight line, f - reaper
Aim: a reaper, wielding a +0 scythe of freezing (100% to hit)
You shoot a bolt. The bolt hits the reaper!!!
The reaper is almost dead.
Fire: J) +27 heavy crossbow "Sniper" {heavy, Acc+∞ SInv}
Press: ? - help, Q - select action, (/) - cycle Shift-Dir - straight line, f/p - reaper
Aim: a reaper, wielding a +0 scythe of freezing (almost dead, 100% to hit)
You shoot a bolt. The bolt hits the reaper!!!!
You kill the reaper!
Okawaru accepts your kill.
What level of the Dungeon? (default 1, ? - help)
Okay, then.
Unknown command.
You see here a +0 scythe of freezing.
There is a staircase leading out of the dungeon here.
You have escaped!

........# #.....##.......###
........#########...#.##..##
.........#######...##..#...##
#####........##...###..#.#..##
......####...#...##
#....##..## #####....#####..##
#.##.###.)##
#........#...####.##.# ##..##
#.#..#####....#......# ##...
##.##...####.@.#.####.# ##.)
##..####..##....#......# ##...
##..######..#...####.#..#
##..## ##...........#..##
#.##.###..###
....########.##..##
#.#..##..## #####
#..#...###..#.#..##
#####...##..#...## #
##...#.##..## #####
##.......### ####


There were no monsters in sight!

Vanquished Creatures
  3 dread liches
  The ghost of Toime the Minotaur Barricade, a legendary MiFi of the Shining One (Zot:2)
  4 ancient liches
  4 orbs of fire (Zot:5)
  A juggernaut (Depths:2)
  Mara (Spider:4)
  The ghost of Sisiakhle the Sniper, a legendary KoDe of Makhleb (Zot:2)
  The ghost of Visuc the Gargoyle Barricade, a master GrBe of Trog (Zot:2)
  7 Killer Klowns
  Saint Roka (Orc:2)
  A caustic shrike (Depths:2)
  14 golden dragons
  Jory (Vaults:4)
  2 bone dragons (Depths:4)
  A Brimstone Fiend (D:4)
  4 electric golems
  An Ice Fiend (Zot:5)
  Jorgrun (D:13)
  4 liches
  11 tentacled monstrosities
  Rupert (Lair:4)
  5 titans
  A walking earthen tome (Depths:3)
  30 Orb Guardians
  11 quicksilver dragons
  3 sphinxes
  A kraken (Shoals:1)
  6 death cobs
  17 shadow dragons
  12 storm dragons
  5 tengu reavers
  Kirke (D:15)
  Aizul (Depths:1)
  3 draconian monks
  A draconian knight (Zot:1)
  10 fire giants
  A deep elf sorcerer (Vaults:5)
  A balrug (D:10)
  7 frost giants
  9 emperor scorpions (Spider:4)
  6 draconian shifters
  5 ghost moths
  3 draconian stormcallers
  A broodmother (Spider:1)
  2 iron dragons (Vaults:5)
  11 vault wardens
  2 reapers
  4 orc warlords
  4 angels (Zot:4)
  2 spriggan defenders (Depths:1)
  6 draconian scorchers
  3 war gargoyles
  21 stone giants
  The ghost of Bemy the Grappler, a journeyman TrFi of Gozag (Orc:1)
  10 draconian annihilators
  12 ironbound preservers
  9 ironbound thunderhulks
  16 very ugly things
  3 formless jellyfish
  Nessos (Orc:2)
  3 vampire knights
  8 purple draconians
  8 green draconians
  6 spark wasps
  9 red draconians
  2 deep elf annihilators
  A demonspawn black sun (D:9)
  A minotaur (shapeshifter) (Vaults:5)
  2 lorocyprocas
  3 minotaurs (Shoals:4)
  12 dire elephants
  9 yellow draconians
  11 white draconians
  14 black draconians
  5 merfolk impalers (Shoals:4)
  A merfolk javelineer (Depths:2)
  3 deep elf death magi (Vaults:5)
  9 fire dragons
  3 crystal guardians
  A jiangshi (Vaults:3)
  15 yaktaur captains
  16 ettins
  3 deep elf high priests
  7 entropy weavers
  34 vault guards
  8 great orbs of eyes
  2 ice dragons
  3 rakshasas
  Harold (Orc:1)
  2 spriggan air magi
  A salamander tyrant (Depths:2)
  A hydra (shapeshifter) (Vaults:2)
  3 ogre magi
  2 jorogumos
  9 centaur warriors
  8 hydras
  A merfolk avatar (Shoals:3)
  4 peacekeepers
  9 ironbound frosthearts
  A catoblepas (D:14)
  An alligator (shapeshifter) (Vaults:2)
  A merfolk aquamancer (Shoals:1)
  The ghost of Boda the Convoker, a journeyman TeSu of Gozag (Shoals:3)
  4 radroaches
  A spriggan skeleton (Depths:1)
  8 satyrs
  5 two-headed ogres (Volcano)
  An orc high priest (Orc:2)
  11 deep troll shamans
  8 tengu warriors
  5 deep troll earth magi
  A vampire mage (Vaults:3)
  4 demonic crawlers
  2 hell hogs (Depths:2)
  11 boulder beetles
  5 spriggan berserkers
  18 hell knights
  Sonja (Orc:2)
  7 sun demons
  7 soul eaters
  4 skysharks
  3 spriggans (Depths:1)
  4 iron trolls
  A salamander mystic (Depths:2)
  A cherub (Zot:5)
  A pharaoh ant (Spider:4)
  A deep troll (shapeshifter) (Vaults:2)
  12 sea snakes
  4 glowing orange brains
  An obsidian statue (Zot:5)
  5 lindwurms
  44 deep trolls
  31 slime creatures
  8 orb spiders
  22 ironbound convokers
  A flayed ghost (Depths:3)
  9 wizards
  10 steelbarb worms
  A swamp dragon (Lair:5)
  5 phantasmal warriors
  19 harpies
  9 orc knights
  A wolf spider (shapeshifter) (Vaults:1)
  4 necromancers
  A fire giant zombie (Depths:1)
  15 wolf spiders
  13 fauns
  2 deep elf pyromancers
  24 manticores
  37 ugly things
  9 orc sorcerers
  A manticore (shapeshifter) (Depths:4)
  A shining eye (shapeshifter) (Vaults:1)
  10 cyclopes
  8 salamanders
  A toenail golem (Zot:2)
  2 ice statues (IceCv)
  23 vault sentinels
  A salamander (shapeshifter) (D:13)
  8 merfolk sirens
  22 moths of wrath
  23 elephants
  Maurice (Orc:2)
  A guardian serpent (Lair:2)
  4 rust devils
  A fire giant skeleton (Depths:1)
  4 black mambas
  5 cane toads
  3 orange demons
  6 smoke demons
  10 torpor snails
  11 water nymphs
  2 gargoyles (D:13)
  A molten gargoyle (Depths:1)
  An efreet (D:15)
  An unseen horror (D:11)
  5 ice devils
  An anaconda simulacrum (IceCv)
  2 freezing wraiths (Vaults:5)
  8 rime drakes
  10 komodo dragons
  13 yaktaurs
  4 tengu conjurers
  5 trolls
  A red devil (D:15)
  3 meliai (Spider:4)
  A polar bear (Lair:1)
  8 wind drakes
  12 hornets
  5 hellwings
  A tarantella (shapeshifter) (D:13)
  4 tyrant leeches (Lair:5)
  16 merfolk
  23 tarantellas
  Prince Ribbit (Bailey)
  15 blink frogs
  12 dream sheep
  7 snapping turtles
  11 culicivoras
  A flying skull (Vaults:3)
  19 jumping spiders
  2 wraiths
  12 wyverns
  5 ynoxinuls
  2 culicivoras (shapeshifter)
  2 fire bats (Depths:2)
  31 yaks
  13 humans
  8 basilisks
  3 hogs (D:15)
  A neqoxec (D:15)
  8 water elementals
  45 redbacks
  5 chaos spawn
  A death yak simulacrum (IceCv)
  3 vampire mosquitoes (D:12)
  5 steam dragons
  5 wargs
  An acid dragon (shapeshifter) (Vaults:5)
  4 acid dragons
  9 water moccasins
  Duvessa (D:7)
  A hell hound (D:14)
  2 ice beasts
  2 swamp drakes (Lair:5)
  44 orc warriors
  A black bear (Lair:2)
  9 ogres
  2 sky beasts
  A boggart (Vaults:3)
  14 centaurs
  A gnoll sergeant (D:7)
  A scorpion (shapeshifter) (Vaults:2)
  4 scorpions
  16 bullfrogs
  Dowan (D:7)
  8 wights
  An elephant simulacrum (IceCv)
  5 killer bees
  7 howler monkeys
  An electric eel (Spider:2)
  A gnoll bouda (D:9)
  16 orc priests
  Jessica (D:3)
  6 iguanas
  2 sleepcaps
  A polar bear simulacrum (IceCv)
  8 hell rats (D:14)
  31 orc wizards
  A wolf simulacrum (IceCv)
  17 gnolls
  9 adders
  A shadow imp (D:8)
  3 white imps (D:7)
  6 worms
  2 dart slugs
  128 orcs
  5 bats
  6 endoplasms
  10 giant cockroaches
  6 goblins
  7 hobgoblins
  7 jackals
  A quokka (D:1)
  4 ball pythons
  6 frilled lizards
  8 kobolds
  A rat (D:2)
  A butterfly (Zot:4)
  6 tentacles (Shoals:1)
1884 creatures vanquished.

Vanquished Creatures (others)
  An orc warrior (D:9)
  2 orc priests (D:9)
  2 orcs (D:9)
  11 tentacles (Shoals:1)
16 creatures vanquished.

Grand Total: 1900 creatures vanquished

Notes
Turn   | Place    | Note
-------+----------+-------------------------------------------
     0 | D:5      | GordonOverkill the Barachi Delver began the quest for the
                  | Orb.
     0 | D:5      | Reached XP level 1. HP: 18/18 MP: 1/1
     4 | D:6      | Noticed a sky beast
    14 | D:6      | Noticed an iguana
   188 | D:4      | Noticed an iguana
   233 | D:4      | Reached XP level 2. HP: 21/24 MP: 2/2
   482 | D:1      | Found Worusch's Distillery.
   489 | D:1      | Found Dyuz's General Store.
   534 | D:1      | Bought a potion of curing for 39 gold pieces
   619 | D:1      | Reached XP level 3. HP: 29/29 MP: 3/3
   787 | D:1      | Found Saareocwa's Weapon Shop.
  1177 | D:2      | Reached skill level 1 in Ranged Weapons
  1269 | D:2      | Reached XP level 4. HP: 36/36 MP: 4/4
  1989 | D:3      | Noticed Jessica
  1999 | D:3      | Killed Jessica
  2038 | D:3      | Identified the +1 robe "Kyseemy" {rElec rC+ Archmagi}
  2089 | D:3      | Found an iron altar of Okawaru.
  2127 | D:3      | Reached XP level 5. HP: 41/41 MP: 5/5
  2135 | D:3      | Became a worshipper of Warmaster Okawaru
  2249 | D:3      | Noticed a floating eye
  2250 | D:3      | Found a faded altar of an unknown god.
  2250 | D:3      | Noticed a shining eye
  2251 | D:3      | Noticed a golden eye
  2252 | D:3      | Noticed an eye of devastation
  2747 | D:4      | Noticed an ice beast
  2758 | D:4      | Killed an ice beast
  2759 | D:4      | Reached XP level 6. HP: 30/47 MP: 6/6
  3061 | D:4      | Found a staircase to the Ecumenical Temple.
  3085 | D:4      | Reached skill level 5 in Ranged Weapons
  3290 | D:4      | Reached skill level 1 in Invocations
  3564 | D:4      | Reached XP level 7. HP: 9/54 MP: 8/8
  3769 | D:5      | Reached * piety under Okawaru
  4527 | D:5      | Identified the +1 ring mail of the Shining Light {Fly rN+
                  | Str+3 Dex+2}
  5056 | D:6      | Reached XP level 8. HP: 60/60 MP: 10/10
  5113 | D:6      | Reached ** piety under Okawaru
  5419 | D:6      | Found a hazy altar of Hepliaklqana.
  5850 | D:7      | Noticed a wyvern
  5857 | D:7      | Killed a wyvern
  5889 | D:7      | Reached XP level 9. HP: 65/65 MP: 8/11
  5892 | D:7      | Reached skill level 10 in Ranged Weapons
  5899 | D:7      | Reached skill level 1 in Evocations
  6051 | D:7      | Reached skill level 5 in Fighting
  6090 | D:7      | Noticed Dowan
  6091 | D:7      | Noticed Duvessa
  6096 | D:7      | Killed Dowan
  6102 | D:7      | Killed Duvessa
  6149 | D:7      | Reached skill level 1 in Armour
  6664 | D:7      | Reached *** piety under Okawaru
  6848 | D:8      | Found a flagged portal.
  6883 | D:8      | Identified the +5 hand axe of Fortitude {venom, rF+ SInv}
  6895 | Bailey   | Entered a bailey
  6919 | Bailey   | Reached XP level 10. HP: 45/76 MP: 12/12
  7095 | Bailey   | Noticed a vault guard
  7095 | Bailey   | Noticed Prince Ribbit
  7109 | Bailey   | Killed a vault guard
  7112 | Bailey   | Killed Prince Ribbit
  7153 | Bailey   | Noticed a vault guard
  7163 | Bailey   | Killed a vault guard
  7163 | Bailey   | Reached **** piety under Okawaru
  7438 | D:8      | Received a gift from Okawaru
  7441 | D:8      | Reached ***** piety under Okawaru
  8016 | D:9      | Reached XP level 11. HP: 84/84 MP: 13/13
  8173 | D:9      | Found a staircase to the Lair.
  8233 | D:9      | Paralysed by a hornet for 1 turns
  8243 | D:9      | Paralysed by a hornet for 2 turns
  9145 | D:10     | Entered Level 10 of the Dungeon
  9198 | D:10     | Found a portal to a secret trove of treasure.
  9479 | D:10     | Noticed a centaur warrior
  9485 | D:10     | Noticed a deep elf pyromancer
  9487 | D:10     | Noticed a cyclops
  9531 | D:10     | Killed a deep elf pyromancer
  9675 | D:10     | Killed a cyclops
  9675 | D:10     | Received a gift from Okawaru
  9676 | D:10     | Reached skill level 15 in Ranged Weapons
  9789 | D:10     | Killed a centaur warrior
  9904 | D:10     | Got Plog's Folio of Summoning and the Shift
 10374 | D:10     | Found a staircase to the Orcish Mines.
 11657 | D:11     | Noticed a cyclops
 11664 | D:11     | Killed a cyclops
 11834 | Lair:1   | Entered Level 1 of the Lair of Beasts
 11844 | Lair:1   | Reached XP level 12. HP: 95/95 MP: 12/14
 11878 | Lair:1   | Found a dark tunnel.
 12082 | Volcano  | Entered a volcano
 12111 | Volcano  | Noticed a two-headed ogre
 12113 | Volcano  | Noticed an ogre mage
 12114 | Volcano  | Noticed a two-headed ogre
 12123 | Volcano  | Killed an ogre mage
 12124 | Volcano  | Reached skill level 5 in Invocations
 12126 | Volcano  | Killed a two-headed ogre
 12129 | Volcano  | Killed a two-headed ogre
 12158 | Volcano  | Noticed a two-headed ogre
 12167 | Volcano  | Killed a two-headed ogre
 12196 | Volcano  | Noticed a two-headed ogre
 12221 | Volcano  | Killed a two-headed ogre
 12539 | Volcano  | Noticed a red draconian
 12539 | Volcano  | Noticed a two-headed ogre
 12546 | Volcano  | Killed a two-headed ogre
 12546 | Volcano  | Received a gift from Okawaru
 12566 | Volcano  | Killed a red draconian
 13592 | D:1      | Bought the +27 heavy crossbow "Sniper" {heavy, Acc+∞ SInv}
                  | for 1040 gold pieces
 13592 | D:1      | Found the +27 heavy crossbow "Sniper" {heavy, Acc+∞ SInv}
 14020 | Lair:1   | Identified the +5 chain mail "Boafes" {+Blink MP+9}
 14285 | Lair:2   | Noticed a boulder beetle
 14287 | Lair:2   | Killed a boulder beetle
 14329 | Lair:2   | Gained mutation: You can hop long distances. [Barachi
                  | growth]
 14329 | Lair:2   | Reached XP level 13. HP: 81/101 MP: 18/18
 14332 | Lair:2   | Identified the +2 scale mail "Xiolad" {+Blink Str+4}
                  | (Okawaru gifted it to you on level 2 of the Lair of Beasts)
 14332 | Lair:2   | Received a gift from Okawaru
 14376 | Lair:2   | Found a glowing golden altar of the Shining One.
 14468 | Lair:2   | Found a frozen archway.
 14482 | IceCv    | Entered an ice cave
 14493 | IceCv    | Found a transporter.
 14500 | IceCv    | Found a transporter.
 14856 | Lair:2   | Found a hole to the Spider Nest.
 15035 | Lair:2   | Found the +3 pair of seven-league boots {Rampage+∞}
 15467 | Lair:3   | Identified the ring of Alae {rElec rPois rF+ SInv Stlth-}
 16513 | Lair:4   | Noticed Rupert
 16518 | Lair:4   | Paralysed by Rupert for 4 turns
 16521 | Lair:4   | Killed Rupert
 16522 | Lair:4   | Reached XP level 14. HP: 70/108 MP: 19/19
 16699 | Lair:4   | Found a staircase to the Slime Pits.
 16699 | Lair:4   | Found a viscous altar of Jiyva.
 16884 | Lair:4   | Found a hide-covered altar of Uskayaw.
 16888 | Lair:4   | Found an ornate altar of the Wu Jian Council.
 16983 | Lair:4   | Received a gift from Okawaru
 17576 | Lair:5   | Entered Level 5 of the Lair of Beasts
 17732 | Lair:5   | Reached skill level 10 in Invocations
 17760 | Lair:5   | Found a runed translucent door.
 18041 | Lair:5   | Reached skill level 10 in Fighting
 20465 | D:12     | Reached XP level 15. HP: 123/123 MP: 22/22
 20539 | D:13     | Received a gift from Okawaru
 20638 | D:13     | Noticed Jorgrun
 20642 | D:13     | Killed Jorgrun
 21320 | D:14     | Found a gate to the Vaults.
 21746 | D:14     | Found Qani's General Store.
 21755 | D:14     | Bought a potion of heal wounds for 60 gold pieces
 21755 | D:14     | Bought a scroll of teleportation for 36 gold pieces
 23071 | D:15     | Entered Level 15 of the Dungeon
 23352 | D:15     | Noticed Kirke
 23356 | D:15     | Killed Kirke
 23693 | D:15     | Found a staircase to the Depths.
 24246 | D:12     | Received a gift from Okawaru
 24250 | D:12     | Reached XP level 16. HP: 133/133 MP: 23/23
 24359 | Orc:1    | Entered Level 1 of the Orcish Mines
 24388 | Orc:1    | Noticed Harold
 24390 | Orc:1    | Killed Harold
 24461 | Orc:1    | Noticed Bemy's ghost (journeyman TrFi)
 24557 | Orc:1    | Found a runed translucent gate.
 24558 | Orc:1    | Found a runed translucent gate.
 24560 | Orc:1    | Found a runed translucent gate.
 24661 | Orc:1    | Found Niecw's Magic Scroll Boutique.
 24666 | Orc:1    | Reached skill level 15 in Fighting
 24673 | Orc:1    | Bought a scroll of teleportation for 48 gold pieces
 24673 | Orc:1    | Bought a scroll of fear for 64 gold pieces
 24673 | Orc:1    | Bought a scroll of acquirement for 832 gold pieces
 24673 | Orc:1    | Acquired the +8 orange crystal plate armour {Archmagi,
                  | Int+3 Clar}
 24673 | Orc:1    | Found the +8 orange crystal plate armour {Archmagi, Int+3
                  | Clar}
 24967 | Orc:1    | Killed Bemy's ghost
 24968 | Orc:1    | Reached skill level 5 in Armour
 25055 | Orc:2    | Entered Level 2 of the Orcish Mines
 25203 | Orc:2    | Found a staircase to the Elven Halls.
 25331 | Orc:2    | Noticed Maurice
 25332 | Orc:2    | Killed Maurice
 25496 | Orc:2    | Noticed Sonja
 25497 | Orc:2    | Killed Sonja
 25926 | Orc:2    | Noticed Saint Roka
 25933 | Orc:2    | Killed Saint Roka
 26148 | Orc:2    | Found Fuofucko's Antique Armour Shop.
 26150 | Orc:2    | Found Ruday's Antique Weapon Boutique.
 26426 | Orc:2    | Found Acvetis's Antique Weapon Shop.
 26479 | Orc:2    | Noticed Nessos
 26483 | Orc:2    | Killed Nessos
 26619 | Orc:2    | Found Paitero's General Store.
 26796 | Spider:1 | Entered Level 1 of the Spider Nest
 27207 | Spider:1 | Reached skill level 5 in Dodging
 27336 | Spider:1 | Identified the +3 robe of the Dropbear {rCorr} (Okawaru
                  | gifted it to you on level 1 of the Spider Nest)
 27336 | Spider:1 | Received a gift from Okawaru
 29698 | Spider:3 | Reached XP level 17. HP: 129/142 MP: 25/25
 29995 | Spider:3 | Identified the +0 scale mail of Vlad {+Blink Dex+3}
                  | (Okawaru gifted it to you on level 3 of the Spider Nest)
 29995 | Spider:3 | Received a gift from Okawaru
 30602 | Spider:4 | Entered Level 4 of the Spider Nest
 31704 | Spider:4 | Noticed Mara
 31713 | Spider:4 | Killed Mara
 32505 | Spider:4 | Received a gift from Okawaru
 32522 | Spider:4 | Reached skill level 15 in Invocations
 32588 | Spider:4 | Identified the +0 hat of Compassion {-Tele Regen+ Str-3
                  | Int+5}
 32629 | Spider:4 | Got a gossamer rune of Zot
 32801 | Lair:3   | Found a staircase to the Shoals.
 32839 | Shoals:1 | Entered Level 1 of the Shoals
 33132 | Shoals:1 | Reached XP level 18. HP: 96/149 MP: 29/29
 33272 | Shoals:1 | Identified the +3 leather armour "Veut" {rC- rN+++ Stlth+}
 33862 | Shoals:1 | Found Yhuusm's Magic Scroll Shoppe.
 33872 | Shoals:1 | Bought a scroll of enchant armour for 75 gold pieces
 33872 | Shoals:1 | Bought a scroll of teleportation for 30 gold pieces
 33872 | Shoals:1 | Bought a scroll of teleportation for 30 gold pieces
 33872 | Shoals:1 | Bought a scroll of teleportation for 30 gold pieces
 34913 | Shoals:3 | Found a runed translucent door.
 34922 | Shoals:3 | Noticed Boda's ghost (journeyman TeSu)
 35177 | Shoals:3 | Reached skill level 10 in Armour
 35647 | Shoals:3 | Killed Boda's ghost
 35674 | Shoals:4 | Entered Level 4 of the Shoals
 35705 | Shoals:3 | Reached ****** piety under Okawaru
 36110 | Shoals:4 | Identified the +1 ring mail "Raaqeopp" {MP+9 Int+3}
 36236 | Shoals:4 | Received a gift from Okawaru
 36784 | Shoals:4 | Got a barnacled rune of Zot
 36797 | Shoals:4 | Received a gift from Okawaru
 36975 | Shoals:4 | Reached XP level 19. HP: 115/157 MP: 30/30
 37120 | Shoals:4 | Identified the +0 scale mail of the Sparrow {Will+}
 37596 | Vaults:1 | Entered Level 1 of the Vaults
 38085 | Vaults:1 | Received a gift from Okawaru
 38323 | Vaults:1 | Gained mutation: Armour fits poorly on your strangely
                  | shaped body. [a shining eye]
 38769 | Vaults:1 | Received a gift from Okawaru
 39386 | Vaults:1 | Found Hacoul's Magic Scroll Shoppe.
 39395 | Vaults:1 | Bought a scroll of enchant weapon for 120 gold pieces
 39395 | Vaults:1 | Bought a scroll of blinking for 120 gold pieces
 39395 | Vaults:1 | Bought a scroll of blinking for 120 gold pieces
 39395 | Vaults:1 | Bought a scroll of revelation for 120 gold pieces
 40326 | Vaults:2 | Identified the +3 buckler of Ziaxkak {rF+} (Okawaru gifted
                  | it to you on level 2 of the Vaults)
 40326 | Vaults:2 | Received a gift from Okawaru
 41068 | Vaults:3 | Found a staircase to the Crypt.
 41079 | Vaults:3 | Found a magical portal.
 41089 | WizLab   | Entered Wucad Mu's Monastery
 41538 | Vaults:3 | Reached XP level 20. HP: 172/172 MP: 31/31
 43829 | Vaults:3 | Found a staircase to the Crypt.
 45192 | Vaults:4 | Found Jukecesi's Antique Armour Boutique.
 45194 | Vaults:4 | Noticed Jory
 45197 | Vaults:4 | Killed Jory
 45742 | Vaults:4 | Identified the +6 scimitar "Ingianih" {venom, Int+2}
 45780 | Vaults:4 | Found Vereira's Armour Shop.
 45789 | Vaults:4 | Bought the +9 scales of the Dragon King {rPois rF+ rC+
                  | Will+} for 1622 gold pieces
 45789 | Vaults:4 | Found the +9 scales of the Dragon King {rPois rF+ rC+
                  | Will+}
 46398 | Vaults:4 | Paralysed by a formless jellyfish for 1 turns
 46517 | Vaults:4 | Found Ijoacu's Assorted Antiques.
 46526 | Vaults:4 | Bought a scroll of blinking for 210 gold pieces
 46683 | Vaults:4 | Identified the +1 robe of the Crypt {Fly Int+2 Dex+5}
 47191 | Depths:1 | Entered Level 1 of the Depths
 47305 | Depths:1 | Found a sparkling altar of Nemelex Xobeh.
 47393 | Depths:1 | Reached XP level 21. HP: 94/183 MP: 30/32
 47399 | Depths:1 | Identified the +1 cloak of Modesty {Regen+ Str+3 Stlth+}
                  | (Okawaru gifted it to you on level 1 of the Depths)
 47399 | Depths:1 | Received a gift from Okawaru
 47731 | Depths:1 | Found a flickering gateway to a bazaar.
 47741 | Bazaar   | Entered a bazaar
 47770 | Bazaar   | Found Qoyl's Armour Shoppe.
 47770 | Bazaar   | Found Dorrif's Book Emporium.
 47805 | Bazaar   | Found Ducw's Assorted Antiques.
 47971 | Depths:1 | Reached skill level 27 in Ranged Weapons
 48311 | Depths:1 | Found a gateway to Hell.
 48438 | Depths:1 | Noticed Aizul
 48439 | Depths:1 | Killed Aizul
 48443 | Depths:1 | Found Nucoibb's Jewellery Shop.
 48443 | Depths:1 | Found Dubuqe Saps's Book Shoppe.
 48445 | Depths:1 | Found Tapniable's Book Shoppe.
 48972 | Depths:2 | Found a one-way gate leading to the halls of Pandemonium.
 49023 | Depths:2 | Identified the +0 hat of Existentialism {+Inv rCorr Int+5
                  | SInv} (Okawaru gifted it to you on level 2 of the Depths)
 49023 | Depths:2 | Received a gift from Okawaru
 49121 | Depths:2 | Reached skill level 10 in Dodging
 49178 | Depths:2 | Noticed a caustic shrike
 49184 | Depths:2 | Noticed a juggernaut
 49191 | Depths:2 | Killed a juggernaut
 49234 | Depths:2 | Killed a caustic shrike
 50041 | Depths:3 | Found Dijolewk's Armour Emporium.
 50041 | Depths:3 | Found Uciez's Weapon Shoppe.
 50271 | Depths:3 | Reached XP level 22. HP: 190/190 MP: 34/34
 50554 | Arena    | Entered the Arena
 50556 | Arena    | Identified the +1 buckler "Ucayruro" {-Cast rElec Slay+3
                  | SInv} (Okawaru gifted it to you in the Arena)
 50556 | Arena    | Received a gift from Okawaru
 50708 | Depths:3 | Noticed a golden dragon
 50716 | Depths:3 | Killed a golden dragon
 50786 | Depths:3 | Found a one-way gate to the infinite horrors of the Abyss.
 51214 | Depths:4 | Entered Level 4 of the Depths
 51215 | Depths:4 | Noticed a golden dragon
 51377 | Depths:4 | Found a one-way gateway to a ziggurat.
 51389 | Depths:3 | Killed a golden dragon
 51702 | Depths:4 | Found Gozag's Platinum Reserve.
 51715 | Depths:4 | Found an opulent altar of Gozag.
 51741 | Depths:4 | Noticed a golden dragon
 51744 | Depths:4 | Killed a golden dragon
 52901 | Depths:4 | Found a gate to the Realm of Zot.
 53052 | Depths:1 | Bought a manual of Fighting for 880 gold pieces
 53350 | D:1      | Bought a potion of haste for 130 gold pieces
 53350 | D:1      | Bought a potion of heal wounds for 65 gold pieces
 53350 | D:1      | Bought 2 potions of curing for 78 gold pieces
 53750 | Vaults:5 | Entered Level 5 of the Vaults
 53786 | Vaults:5 | Found the +2 shield of Resistance {rF++ rC++ Will++}
 53850 | Vaults:5 | Received a gift from Okawaru
 53996 | Vaults:5 | Reached XP level 23. HP: 207/207 MP: 35/35
 54061 | Vaults:5 | Identified the +3 battleaxe "Zituh" {venom, Str+2}
 54599 | Vaults:5 | Received a gift from Okawaru
 54619 | Vaults:5 | Noticed a dread lich
 54624 | Vaults:5 | Killed a dread lich
 54633 | Vaults:5 | Identified the scarf of Foof {shadows, rPois rF+} (Okawaru
                  | gifted it to you on level 5 of the Vaults)
 54633 | Vaults:5 | Received a gift from Okawaru
 54641 | Arena    | Entered the Arena
 54768 | Vaults:5 | Noticed a golden dragon
 54772 | Vaults:5 | Killed a golden dragon
 54955 | Vaults:5 | Identified the +3 sling of Ravage {heavy, Fragile rPois rN+
                  | Int+3}
 55127 | Vaults:5 | Identified the +10 flail "Newtslayer" {heavy, rF+ Will+
                  | Str+3}
 55283 | Vaults:5 | Got Quotidian Wizardry
 55457 | Vaults:5 | Identified the +4 broad axe of Mourning {freeze, rPois
                  | Int+4 SInv}
 55924 | Arena    | Entered the Arena
 55944 | Vaults:5 | Noticed an ancient lich
 55949 | Vaults:5 | Reached skill level 27 in Fighting
 55952 | Vaults:5 | Killed an ancient lich
 56216 | Vaults:5 | Got a silver rune of Zot
 56334 | Vaults:5 | Received a gift from Okawaru
 56469 | Vaults:5 | Identified the +1 shortbow of Luc Cabb {speed, *Corrode
                  | rPois Str+5} (Okawaru gifted it to you on level 5 of the
                  | Vaults)
 56469 | Vaults:5 | Received a gift from Okawaru
 57083 | Zot:1    | Entered Level 1 of the Realm of Zot
 57087 | Zot:1    | Noticed a golden dragon
 57088 | Zot:1    | Killed a golden dragon
 57089 | Zot:1    | Reached skill level 15 in Armour
 57153 | Zot:1    | Reached XP level 24. HP: 221/227 MP: 35/35
 57272 | Zot:1    | Identified the +3 shortbow of Guruder {flame, Will++}
                  | (Okawaru gifted it to you on level 1 of the Realm of Zot)
 57272 | Zot:1    | Received a gift from Okawaru
 58601 | Zot:2    | Noticed Sisiakhle's ghost (legendary KoDe)
 58601 | Zot:2    | Noticed Toime's ghost (legendary MiFi)
 58601 | Zot:2    | Noticed Visuc's ghost (master GrBe)
 58601 | Zot:2    | Found a runed translucent gate.
 58601 | Zot:2    | Found a runed translucent gate.
 58601 | Zot:2    | Found a runed translucent gate.
 58680 | Zot:2    | Identified the +12 orcbow "Veliwn" {speed, Fly rC+ Dex+3
                  | Stlth+} (Okawaru gifted it to you on level 2 of the Realm
                  | of Zot)
 58680 | Zot:2    | Received a gift from Okawaru
 59660 | Zot:2    | Killed Sisiakhle's ghost
 59667 | Zot:2    | Killed Visuc's ghost
 59735 | Zot:2    | Killed Toime's ghost
 59968 | Zot:3    | Received a gift from Okawaru
 60571 | Zot:3    | Identified the +2 cloak "Hionamudo" {rF- Str+4 Dex+4}
                  | (Okawaru gifted it to you on level 3 of the Realm of Zot)
 60571 | Zot:3    | Received a gift from Okawaru
 60687 | Zot:3    | Identified the +8 orcbow "Kuhuboc" {heavy, rPois Will+}
 60881 | Zot:4    | Noticed a Killer Klown
 61052 | Zot:4    | Reached XP level 25. HP: 233/234 MP: 29/35
 61080 | Zot:4    | Noticed a Killer Klown
 61083 | Zot:4    | Noticed a Killer Klown
 61091 | Zot:3    | Killed a Killer Klown
 61316 | Zot:4    | Killed a Killer Klown
 61372 | Zot:4    | Killed a Killer Klown
 61407 | Zot:4    | Found Xigg's Changing Room.
 61417 | Zot:4    | Noticed a Killer Klown
 61420 | Zot:4    | Killed a Killer Klown
 61449 | Zot:4    | Bought a potion of mutation for 192 gold pieces
 61449 | Zot:4    | Bought a potion of mutation for 192 gold pieces
 61527 | Zot:4    | Found a shimmering altar of Xom.
 61695 | Zot:4    | Found a shimmering altar of Xom.
 61695 | Zot:4    | Found a glowing silver altar of Zin.
 61695 | Zot:4    | Found a shimmering altar of Xom.
 61695 | Zot:4    | Found a shimmering altar of Xom.
 62292 | D:1      | Bought a scroll of fear for 40 gold pieces
 62300 | D:1      | Bought a potion of curing for 39 gold pieces
 62300 | D:1      | Bought a potion of might for 52 gold pieces
 62300 | D:1      | Bought a potion of mutation for 104 gold pieces
 62814 | Zot:5    | Entered Level 5 of the Realm of Zot
 63168 | Zot:5    | Noticed an ancient lich
 63170 | Zot:5    | Killed an ancient lich
 63205 | Zot:5    | Received a gift from Okawaru
 63771 | Zot:5    | Noticed a dread lich
 63774 | Zot:5    | Killed a dread lich
 63775 | Zot:5    | Noticed an ancient lich
 63777 | Zot:5    | Noticed an orb of fire
 63777 | Zot:5    | Gained mutation: Your flesh is cold resistant. (rC+) [an
                  | orb of fire]
 63778 | Zot:5    | Killed an ancient lich
 63882 | Zot:5    | Identified the +10 plate armour of the Illusory Princes
                  | {Dex+2} (Okawaru gifted it to you on level 5 of the Realm
                  | of Zot)
 63882 | Zot:5    | Received a gift from Okawaru
 63907 | Zot:5    | Noticed a Killer Klown
 63912 | Zot:5    | Noticed a Killer Klown
 63929 | Zot:5    | Killed a Killer Klown
 63964 | Zot:5    | Gained mutation: You are dopey. (Int -2) [an orb of fire]
 63968 | Zot:5    | Killed an orb of fire
 64055 | Zot:5    | Noticed an orb of fire
 64058 | Zot:5    | Gained mutation: You are vulnerable to heat. (rF-) [an orb
                  | of fire]
 64059 | Zot:5    | Killed an orb of fire
 64105 | Zot:5    | Noticed an orb of fire
 64107 | Zot:5    | Gained mutation: You occasionally lose the ability to read
                  | scrolls when taking damage. [an orb of fire]
 64110 | Zot:5    | Killed an orb of fire
 64126 | Zot:5    | Lost mutation: You are vulnerable to heat. (rF-) [potion of
                  | mutation]
 64126 | Zot:5    | Lost mutation: Your flesh is cold resistant. (rC+) [potion
                  | of mutation]
 64126 | Zot:5    | Gained mutation: You are weak. (Str -2) [potion of
                  | mutation]
 64126 | Zot:5    | Lost mutation: You are weak. (Str -2) [potion of mutation]
 64126 | Zot:5    | Gained mutation: You are partially covered in iridescent
                  | scales. (AC +2) [potion of mutation]
 64127 | Zot:5    | Lost mutation: Armour fits poorly on your strangely shaped
                  | body. [potion of mutation]
 64127 | Zot:5    | Lost mutation: You are dopey. (Int -2) [potion of mutation]
 64127 | Zot:5    | Lost mutation: You occasionally lose the ability to read
                  | scrolls when taking damage. [potion of mutation]
 64127 | Zot:5    | Gained mutation: You are clumsy. (Dex -2) [potion of
                  | mutation]
 64127 | Zot:5    | Gained mutation: You have sharp toenails. [potion of
                  | mutation]
 64159 | Zot:5    | Noticed an orb of fire
 64161 | Zot:5    | Killed an orb of fire
 64163 | Zot:5    | Noticed a Killer Klown
 64164 | Zot:5    | Noticed a dread lich
 64173 | Zot:5    | Killed a dread lich
 64173 | Zot:5    | Noticed an ancient lich
 64174 | Zot:5    | Reached XP level 26. HP: 242/242 MP: 37/37
 64174 | Zot:5    | Killed an ancient lich
 64179 | Zot:5    | Killed a Killer Klown
 64179 | Zot:5    | Received a gift from Okawaru
 64222 | Zot:5    | Killed a Killer Klown
 64420 | Zot:5    | Got the Orb of Zot
 64687 | Depths:1 | Received a gift from Okawaru
 64864 | D:9      | Noticed Vude the pandemonium lord
 64899 | D:8      | Noticed Hiudd the pandemonium lord
 64938 | D:7      | Noticed Cecw the pandemonium lord
 64948 | D:6      | Noticed Icaxzoych the pandemonium lord
 65081 | D:$      | Escaped with the Orb!

Illustrated notes

Levels and vault maps discovered:
D:1:      dpeg_chamrin_arrival_tetris, layout_rooms, serial_shops,
          nicolae_shop_waterfront, shop_statue, nicolae_shop_stone,
          minmay_cupped
D:2:      layout_basic
D:3:      layout_loops_ring, okawaru_trees_2,
          hellmonk_ecumenical_altar_watching_god, uniq_jessica
D:4:      layout_loops_cross, minmay_temple_entry_sparse_star
D:5:      layout_gridville, guppyfry_early_lair_pool
D:6:      layout_basic, mainiacjoe_overflow_alcove_2
D:7:      minmay_s_stair_smasher, layout_loops_ring, uniq_duvessa
D:8:      layout_rooms, enter_bailey_2
D:9:      layout_basic, dpeg_oklobed_lair, kennysheep_path_1, st_stairs_10,
          lemuel_flamethrower_hall
D:10:     layout_big_octagon, david_orc_4, nicolae_trove_entry_diagonal,
          minivault_26, minmay_mirror_moons_of_madness
D:11:     layout_basic
D:12:     layout_roguey [special_room_orc]
D:13:     layout_long_grid, uniq_jorgrun
D:14:     layout_roguey [special_room_mythical_zoo], hellmonk_vaults_keyhole,
          serial_shops, nicolae_shop_waterfront
D:15:     grunt_enter_depths_snipers, layout_loops_ring,
          chequers_decorated_corner, serial_demonic, serial_demonic_a,
          serial_demonic_b, serial_demonic_f, serial_demonic_d,
          serial_demonic_d, serial_demonic_b, serial_demonic_b,
          serial_demonic_d, serial_demonic_b, serial_demonic_g, uniq_kirke
Lair:1:   layout_misc_corridors, nicolae_volcano_entry_vermiform
Lair:2:   layout_roguey, nicolae_spider_entry_non_spiders, basic_altar,
          portal_ice_cave_demonic_guard,
          hellmonk_guarded_unrand_seven_league_boots
Lair:3:   layout_long_grid, minmay_shoals_entry_lonely_mermaid,
          hangedman_lair_generics_rect
Lair:4:   layout_layer_cave, slime_entry_1, serial_bayou_pond_c,
          nzn_masters_of_martial_movement, uniq_rupert
Lair:5:   guppyfry_lair_end_dragon, layout_cave_pods, wormcave
Shoals:1: cheibrodos_shoals_baths, layout_shoals, serial_shops,
          nicolae_shop_just_a_little_nook,
          nicolae_shoals_nymph_descending_staircase
Shoals:2: layout_shoals, nicolae_shoals_so_close
Shoals:3: layout_shoals, ebering_ghost_inner_flame
Shoals:4: shoals_end_hellmonk_lost_city
Spider:1: layout_spider_delve, hangedman_spider_tarantella_strand
Spider:2: layout_spider_delve, hellmonk_watch_for_rolling_rocks
Spider:3: layout_spider_delve, hangedman_spider_mandibles
Spider:4: grunt_spider_rune_circles, uniq_mara
Orc:1:    layout_diamond_mine, gammafunk_ghost_split, serial_shops, shop,
          uniq_harold
Orc:2:    grunt_orc_community_town_hall, layout_diamond_mine,
          grunt_orc_community_big_house_1, grunt_orc_community_big_house_2,
          grunt_orc_community_house_3, grunt_orc_community_house_3,
          grunt_orc_community_house_2, grunt_orc_community_house_1,
          uniq_maurice, uniq_nessos, uniq_sonja
Vaults:1: v_misc_14, nicolae_vaults_closet_pinwheel_6,
          nicolae_vaults_trapezoid_3, hangedman_vaults_impose, v_misc_27,
          grunt_vaults_twisty, v_misc_8, nicolae_vaults_storage_closets_1,
          hangedman_vaults_corner, nicolae_vaults_tetromino_T_1, v_misc_26,
          nicolae_vaults_double_plus_3, hangedman_vaults_hard_town_square,
          v_alt_pattern_1, nicolae_vaults_trapezoid_lopsided_4,
          layout_vaults_omnibox, serial_shops, nicolae_shop_trees
Vaults:2: nicolae_vaults_little_squares_5, vaults_mumra_hexcomb,
          nicolae_vaults_loss_of_containment, v_misc_32,
          nicolae_vaults_heart-shaped_vault, nicolae_vaults_back_hallway,
          nicolae_vaults_weapon_check, nicolae_vaults_apartment_1,
          layout_vaults_maze_snakey
Vaults:3: mu_enter_wizlab_5, vaults_room_corners, v_misc_22,
          nicolae_vaults_windows_and_doors_thing,
          nicolae_vaults_closet_pinwheel_4, minmay_crypt_entry_simple_box,
          nicolae_vaults_closet_pinwheel_4, nicolae_vaults_shelves_hall,
          nicolae_vaults_frosty_reception, nicolae_vaults_little_squares_1,
          layout_vaults_quadrants
Vaults:4: grunt_vaults_funnel, nicolae_vaults_quadrants,
          nicolae_vaults_little_squares_4, vaults_room_fours, vaults_dpeg_ring,
          nicolae_vaults_gold_heap, nicolae_vaults_turnstiles,
          nicolae_vaults_cornered_office, nicolae_vaults_spaceships,
          vaults_mumra_minichess_inversion, vaults_room_stairs_pillars,
          nicolae_vaults_variable_pillar_hall, vaults_dpeg_diagonal,
          layout_vaults_chaotic_city, serial_shops,
          nicolae_shop_tiny_statue_garden, shop, nicolae_shop_trees, uniq_jory
Vaults:5
Depths:1: layout_basic, serial_shops, freezing_bzr, nemelex_altar_shiori,
          hell_entry, wad_mini_maze, minmay_shop_grove, uniq_aizul
Depths:2: minmay_mutant_horseshoe, layout_basic, hellmouth_3, pan_entry,
          kennysheep_minor_cross, serial_bayou_shore_b
Depths:3: minmay_slanted_spiral_squares, layout_basic, serial_curves,
          eino_curves_04, eino_curves_02, abyss_entry, minivault_14,
          pf_hell_entry_great_geh, minmay_shoptagon
Depths:4: grunt_zot_entry_gee_three, layout_cave_pools, enter_ziggurat_b,
          serial_rivers, chequers_serial_rivers_small_a,
          chequers_serial_rivers_micro_b, chequers_serial_rivers_micro_e,
          chequers_serial_rivers_room_b, hell_entry, grunt_pan_entry_zigzag,
          minmay_misc_feat_roman, nicolae_gozag_zags_fifth_avenue
Zot:1:    layout_cathedral_of_symmetry, grunt_megastairs_2
Zot:2:    layout_concentric_octagons, gammafunk_ghost_cemetery, st_stairs_14
Zot:3:    layout_onion_interference, st_stairs_8
Zot:4:    dreamdust_zin_vs_xom, layout_misc_corridors,
          nicolae_transmutations_shop
Zot:5:    layout_gridlike

Skill      XL: |  1  2  3  4  5  6  7  8  9 10 11 12 13 14 15 16 17 18 19 20 21 22 23 24 25 26 |
---------------+-------------------------------------------------------------------------------+-----
Axes           | 3 4 |  4.1
Ranged Weapons | 1 3 4 5 6 9 11 14 16 17 20 22 24 25 26 27 | 27.0
Fighting       | 4 6 7 9 13 14 15 18 20 23 27 | 27.0
Invocations    | 2 3 7 10 11 15 16 17 21 22 | 22.4
Evocations     | 2 4 |  4.0
Armour         | 4 8 10 12 13 15 20 | 20.0
Dodging        | 7 10 | 10.0
Stealth        | |  4.5

Action                     |  1- 3 |  4- 6 |  7- 9 | 10-12 | 13-15 | 16-18 | 19-21 | 22-24 | 25-27 || total
---------------------------+-------+-------+-------+-------+-------+-------+-------+-------+-------++-------
  Melee: Hand axe          |    84 |     5 |       |       |       |       |       |       |       ||    89
   Fire: Sling             |    16 |   167 |   332 |   554 |       |       |       |       |       ||  1069
         Heavy crossbow    |       |       |       |    16 |   444 |   713 |   652 |   643 |   259 ||  2727
         Hand cannon       |       |       |       |       |       |       |       |    45 |       ||    45
         Orcbow            |       |       |       |       |       |       |       |    44 |       ||    44
 Invoke: Heroism           |       |       |     9 |    22 |    16 |     7 |    16 |     9 |     4 ||    83
         Finesse           |       |       |       |     2 |     6 |     5 |     5 |     7 |     3 ||    28
         Duel              |       |       |       |       |       |       |       |     3 |       ||     3
Ability: Hop               |       |     1 |     8 |    10 |    14 |    21 |    26 |    16 |     4 ||   100
  Evoke: Wand              |       |       |     7 |    35 |     1 |       |       |     1 |       ||    44
    Use: Scroll            |     1 |     1 |     9 |    13 |     8 |    13 |     6 |    11 |     4 ||    66
         Potion            |       |     2 |     2 |     6 |     3 |       |     2 |     7 |     2 ||    24
 Armour: Leather armour    |    18 |       |       |       |       |       |       |       |       ||    18
         Scale mail        |    27 |       |       |       |       |       |       |       |       ||    27
         Chain mail        |    11 |    89 |    48 |    98 |   363 |    14 |       |       |       ||   623
         Skin              |       |     5 |       |       |       |       |       |       |       ||     5
         Ring mail         |       |       |    68 |   199 |       |       |       |       |       ||   267
         Crystal plate arm |       |       |       |       |       |  1032 |   566 |       |       ||  1598
         Gold dragon scale |       |       |       |       |       |       |   325 |   635 |   149 ||  1109
  Dodge: Dodged            |    60 |    48 |    83 |   193 |   151 |   167 |   189 |   192 |    53 ||  1136
         Repelled          |       |       |       |       |       |     2 |     1 |       |       ||     3
  Block: Other             |       |       |       |     2 |    83 |   180 |   113 |       |       ||   378
         Reflection        |       |       |       |       |     5 |    25 |    14 |       |       ||    44
         Kite shield       |       |       |       |       |       |       |       |    10 |       ||    10

Table legend: (Time is in decaauts)
 A = Elapsed time spent in this place.
 B = Non-inter-level travel time spent in this place.
 C = Inter-level travel time spent in this place.
 D = Time resting spent in this place.
 E = Time spent auto-exploring this place.
 F = Levels seen in this place.
 G = Mean time per level.
                   A        B        C        D        E       F      G
               +--------+--------+--------+--------+--------+-----+--------+
         Total |  76188 |  68230 |   7958 |  21516 |  31647 |  52 | 1465.2 |
       Dungeon |  21562 |  17271 |   4291 |   4447 |   9295 |  15 | 1437.5 |
          Lair |   7801 |   7177 |    624 |   1423 |   4396 |   5 | 1560.2 |
        Shoals |   5404 |   5244 |    160 |   1876 |   2281 |   4 | 1351.0 |
   Spider Nest |   6602 |   6312 |    290 |   3461 |   1594 |   4 | 1650.5 |
  Orcish Mines |   2876 |   2836 |     40 |    832 |   1347 |   2 | 1438.0 |
        Vaults |  14671 |  13849 |    822 |   5081 |   6065 |   5 | 2934.2 |
        Depths |   7763 |   6689 |   1074 |   1523 |   3737 |   4 | 1940.8 |
           Zot |   7896 |   7242 |    654 |   2224 |   2717 |   5 | 1579.2 |
        Bazaar |    100 |    100 |      0 |      3 |     82 |   1 |  100.0 |
        Bailey |    493 |    493 |      0 |    222 |     53 |   1 |  493.0 |
      Ice Cave |     69 |     69 |      0 |      0 |      0 |   1 |   69.0 |
       Volcano |    693 |    693 |      0 |    394 |     76 |   1 |  693.0 |
        Wizlab |    203 |    203 |      0 |     21 |      0 |   1 |  203.0 |
         Arena |     49 |     49 |      0 |      4 |      0 |   3 |   16.3 |
               +--------+--------+--------+--------+--------+-----+--------+

Top non-repeatable levels by time:
Vaults:3: 4345 daAuts
Vaults:5: 3418 daAuts
Vaults:4: 2701 daAuts
Vaults:1: 2582 daAuts
    D:14: 2494 daAuts
Spider:4: 2341 daAuts
Depths:1: 2316 daAuts
    D:10: 2124 daAuts
Depths:3: 2084 daAuts
   Zot:1: 2007 daAuts
Spider:1: 1995 daAuts
  Lair:5: 1977 daAuts
   Orc:2: 1971 daAuts
Depths:4: 1914 daAuts
   Zot:5: 1904 daAuts
